 Dungeon Crawl Stone Soup version 0.30-a0-347-gf58ed5266c (webtiles) character file.

Game seed: 16636435460263335746

398 hikkokomori the Ruffian (level 6, -11/51 HPs)
             Began as a Draconian Transmuter on Nov 7, 2022.
             Blown up by Ijyb (18 damage)
             ... with a mindburst bolt
             ... on level 3 of the Dungeon.
             The game lasted 00:03:55 (2866 turns).

hikkokomori the Ruffian (Draconian Transmuter)      Turns: 2866, Time: 00:03:56

Health: -11/51     AC:  7    Str: 14    XL:     6   Next: 53%
Magic:  10/11      EV: 13    Int: 13    God:
Gold:   159        SH:  0    Dex: 18    Spells: 7/11 levels left

rFire   + . .      SeeInvis .      - Unarmed
rCold   . . .      Faith    .    (no shield)
rNeg    . . .      Spirit   .    (body armour unavailable)
rPois   .          Reflect  .    (helmet currently unavailable)
rElec   .          Harm     .    q - +0 cloak
rCorr   .          Rampage  .    (no gloves)
Will    .....                    (boots currently unavailable)
Stlth   ++........               (no amulet)
HPRegen 0.28/turn                h - +6 ring of dexterity
MPRegen 0.12/turn                r - ring of protection from fire

@: mighty, brilliant, appendages (expiring), attractive
A: horns 2, talons 2, AC +6, unfitting armour, cold-blooded
a: End Transformation


You were on level 3 of the Dungeon.
You had temporarily grown beastly horns and talons.
You visited 1 branch of the dungeon, and saw 3 of its levels.

You collected 159 gold pieces.

Inventory:

Armour
 c - a +1 helmet
 d - a +0 leather armour
 q - a +0 cloak (worn)
Jewellery
 f - a ring of magical power
 h - a +6 ring of dexterity (left hand)
 k - a ring of see invisible
 l - a ring of flight
 r - a ring of protection from fire (right hand)
Scrolls
 i - a scroll of brand weapon {unknown}
 j - 3 scrolls of teleportation {unknown}
 o - a scroll of identify {unknown}
Potions
 a - a potion of lignification
 b - a potion of resistance {unknown}
 e - a potion of magic {unknown}
 m - a potion of mutation {unknown}
 n - a potion of might
 p - a potion of haste {unknown}
 s - a potion of brilliance
 t - a potion of berserk rage {unknown}


   Skills:
 + Level 3.3 Fighting
 + Level 3.2 Dodging
 + Level 4.2 Unarmed Combat
 + Level 3.3 Spellcasting
 + Level 3.5 Transmutations


You had 7 spell levels left.
You knew the following spells:

 Your Spells              Type           Power      Damage    Failure   Level
a - Beastly Appendage     Tmut           34%        N/A       5%          1
b - Spider Form           Tmut/Pois      10%        N/A       32%         3

Your spell library contained the following spells:

 Spells                   Type           Power      Damage    Failure   Level
 Wereblood                Tmut           17%        N/A       8%          2
 Apportation              Tloc           6%         N/A       22%         1
 Magic Dart               Conj           12%        1d3       22%         1
 Call Imp                 Summ           3%         N/A       32%         2
 Mephitic Cloud           Conj/Pois/Air  3%         N/A       54%         3
 Ice Form                 Ice/Tmut       10%        N/A       71%         4
 Alistair's Intoxication  Tmut/Pois      6%         N/A       96%         5


Dungeon Overview and Level Annotations

Branches:
Dungeon (3/15)

Altars:

Annotations:
D:3 Ijyb


Innate Abilities, Weirdness & Mutations

You have temporarily grown beastly horns and talons.
Your plain brown scales are hard. (AC +6)
You cannot fit into any form of body armour.
You are cold-blooded and may be slowed by cold attacks.


Message History

The orc hits you with a +0 club.
The orc priest calls down the wrath of Beogh upon you.
Beogh smites you!
* * * LOW HITPOINT WARNING * * *
You hit the orc priest but do no damage.
You headbutt the orc priest!
You kill the orc priest!
Your transformation is almost over.
The orc hits you but does no damage.
You hit the orc. You claw the orc.
The orc is almost dead.
Really quaff the potion of lignification?
Okay, then.
It was a potion of brilliance.
You feel clever all of a sudden.
The quokka bites you but does no damage.
The orc hits you but does no damage.
You completely miss the orc priest. You claw the orc priest!
You headbutt the orc priest!
You kill the orc priest!
The quokka bites you but does no damage.
The orc hits you but does no damage.
Ijyb zaps a wand.
Your mind is blasted!
* * * LOW HITPOINT WARNING * * *
Unknown command.
The quokka bites you.
* * * LOW HITPOINT WARNING * * *
The orc closely misses you.
It was a potion of attraction.
You feel attractive to monsters. The quokka bites you.
* * * LOW HITPOINT WARNING * * *
The orc hits you but does no damage.
You feel very mighty all of a sudden. The quokka barely misses you.
The orc hits you but does no damage.
You punch the orc!
You kill the orc!
The quokka closely misses you.
You miss the quokka. Your kick misses the quokka.
Ijyb zaps a wand.
Your mind is blasted!
You die...

######## ###......# ..##.####.#
#.# #.##.# #.######## #.#
##.##.####......... #.#
............#######
#.#.##.##.##....#
#.#.##.##.#g....#
#......##..)@...##
#.###....|)r#....# #.#
#...###)#..#.# #.###.#.#
#.#....# #.)).)#.# #)#'####
####.##r###)...##
##....g.......## ###
##.###.##.......## ##.##
######...##.#.........####...##


You could see Ijyb and a quokka.

Vanquished Creatures
  A phantom (D:3)
  A scorpion (D:3)
  5 orc priests (D:3)
  An orc wizard (D:3)
  Natasha (twice) (D:3)
  8 orcs (D:3)
  6 endoplasms
  2 giant cockroaches (D:2)
  2 goblins (D:1)
  3 hobgoblins (D:1)
  2 jackals (D:2)
  5 ball pythons
  4 bats
  2 frilled lizards
  2 kobolds
  3 rats
49 creatures vanquished.

Notes
Turn   | Place    | Note
-------+----------+-------------------------------------------
     0 | D:1      | hikkokomori the Draconian Transmuter began the quest for
                  | the Orb.
     0 | D:1      | Reached XP level 1. HP: 16/16 MP: 3/3
   498 | D:1      | Reached XP level 2. HP: 23/23 MP: 3/5
  1138 | D:2      | Found a faded altar of an unknown god.
  2218 | D:3      | Reached XP level 3. HP: 28/29 MP: 4/6
  2428 | D:3      | Noticed a scorpion
  2438 | D:3      | Killed a scorpion
  2439 | D:3      | Reached XP level 4. HP: 25/36 MP: 5/7
  2536 | D:3      | Noticed Natasha
  2546 | D:3      | Killed Natasha
  2551 | D:3      | Learned a level 3 spell: Spider Form
  2580 | D:3      | Noticed Natasha
  2588 | D:3      | Killed Natasha
  2589 | D:3      | Reached XP level 5. HP: 41/42 MP: 7/9
  2719 | D:3      | Reached skill level 4 in Unarmed Combat
  2833 | D:3      | Noticed Ijyb
  2833 | D:3      | Noticed a phantom
  2841 | D:3      | Reached XP level 6. HP: 31/51 MP: 8/10
  2866 | D:3      | Blown up by Ijyb

Illustrated notes

Levels and vault maps discovered:
D:1:      lightli_arrival_statue_moat, layout_loops_cross
D:2:      layout_basic, ebering_ecumenical_altar_petrified
D:3:      layout_loops_corners, uniq_ijyb, uniq_natasha

Skill      XL: |  1  2  3  4  5 |
---------------+----------------+-----
Dodging        | 2 3 |  3.2
Fighting       | 2 3 |  3.3
Transmutations | 3 |  3.5
Spellcasting   | 3 |  3.3
Unarmed Combat | 4 |  4.2

Action                   |  1- 3 |  4- 6 || total
-------------------------+-------+-------++-------
Melee: Unarmed           |   100 |    46 ||   146
       Kick              |    22 |    19 ||    41
       Headbutt          |    13 |     9 ||    22
       Tailslap          |    10 |     6 ||    16
       Punch             |     3 |       ||     3
 Cast: Beastly Appendage |    35 |     6 ||    41
  Use: Potion            |       |     3 ||     3
 Stab: Distracted        |       |     1 ||     1
Armor: Skin              |    30 |    13 ||    43
Dodge: Dodged            |    56 |    20 ||    76

Table legend: (Time is in decaauts)
 A = Elapsed time spent in this place.
 B = Non-inter-level travel time spent in this place.
 C = Inter-level travel time spent in this place.
 D = Time resting spent in this place.
 E = Time spent auto-exploring this place.
 F = Levels seen in this place.
 G = Mean time per level.
                   A        B        C        D        E       F      G
               +--------+--------+--------+--------+--------+-----+--------+
         Total |   2854 |   2773 |     81 |     27 |   2348 |   3 |  951.3 |
       Dungeon |   2854 |   2773 |     81 |     27 |   2348 |   3 |  951.3 |
               +--------+--------+--------+--------+--------+-----+--------+

Top non-repeatable levels by time:
     D:2: 1088 daAuts
     D:1: 897 daAuts
     D:3: 868 daAuts
